 Dungeon Crawl Stone Soup version 0.20-a0-971-g5896763 (webtiles) character file.

74 HankScorpio the Gusty (level 4, -1/24 HPs)
             Began as a Deep Elf Air Elementalist on Apr 9, 2017.
             Killed by divine providence
             ... invoked by an orc priest
              (12 damage)
             ... on level 6 of the Dungeon.
             The game lasted 00:04:17 (2488 turns).

HankScorpio the Gusty (Deep Elf Air Elementalist)   Turns: 2488, Time: 00:04:17

Health: -1/24      AC:  4    Str:  5    XL:     4   Next: 9%
Magic:  6/11       EV: 13    Int: 21    God:
Gold:   153        SH:  0    Dex: 15    Spells: 9/10 levels left

rFire    + . .     SeeInvis .   (no weapon)
rCold    + . .     Gourm    .   (no shield)
rNeg     . . .     Faith    .   a - +0 robe
rPois    .         Spirit   .   e - +2 hat
rElec    .         Reflect  .   m - scarf {rC+ rF+}
rCorr    .         Harm     .   (no gloves)
MR       .....                  (no boots)
Stlth    ++........             (no amulet)
Regen    0.1/turn               (no ring)
MPRegen  0.2/turn               (no ring)

@: no status effects
A: no striking features
a: no special abilities


You were on level 6 of the Dungeon.
You were hungry.

You visited 1 branch of the dungeon, and saw 4 of its levels.

You collected 153 gold pieces.

Inventory:

Missiles
 d - 34 sling bullets
 h - 51 stones (quivered)
Armour
 a - a +0 robe (worn)
 e - a +2 hat (worn)
 m - a scarf of resistance (worn)
Wands
 w - a wand of random effects (31/48)
Scrolls
 i - a scroll of enchant weapon {unknown}
 k - a scroll of amnesia {unknown}
 l - 2 scrolls of recharging {unknown}
 n - 2 scrolls of identify {unknown}
 o - 2 scrolls of remove curse {unknown}
 p - a scroll of enchant armour {unknown}
 q - a scroll of noise {unknown}
 v - a scroll of teleportation {unknown}
Potions
 f - a potion of haste {unknown}
 j - a potion of mutation {unknown}
 r - a potion of berserk rage {unknown}
 s - 2 potions of curing {unknown}
 t - a potion of brilliance {unknown}
Books
 b - a book of Air

   Spells                             Type                      Level
   a - Shock                          Conjuration/Air              1
   b - Swiftness                      Charms/Air                   2
   c - Static Discharge               Conjuration/Air              3
   d - Airstrike                      Air                          4
   e - Lightning Bolt                 Conjuration/Air              5
Comestibles
 c - 3 bread rations
 g - 5 fruits
 u - 2 royal jellies


   Skills:
 - Level 2.4 Dodging
 - Level 2.4 Stealth
 + Level 3.7 Spellcasting
 + Level 2.5 Conjurations
 * Level 4.0 Air Magic


You had 9 spell levels left.
You knew the following spells:

 Your Spells              Type           Power        Failure   Level  Hunger
a - Shock                 Conj/Air       ###.         3%          1    None


Dungeon Overview and Level Annotations

Branches:
Dungeon (3/15)

Altars:


Message History

Aim: an orc priest, wielding a hand axe (severely wounded)
The zap misses the orc priest.
Casting: Shock
Confirm with . or Enter, or press ? or * to list all spells.
Aiming: Shock
Press: ? - help, Shift-Dir - straight line, f/p - orc priest
Aim: an orc priest, wielding a hand axe (severely wounded)
The zap misses the orc priest.
The orc priest miscasts a cantrip.
Casting: Shock
Confirm with . or Enter, or press ? or * to list all spells.
Aiming: Shock
Press: ? - help, Shift-Dir - straight line, f/p - orc priest
Aim: an orc priest, wielding a hand axe (severely wounded)
The zap hits the orc priest.
The orc priest is almost dead.
The orc priest mumbles some strange prayers to Beogh against you.
Beogh smites you!
Ouch! That really hurt!
You die...

##.##.####..#..
#.##.# #..#..
#.##.# #.....
##'##.. ...#.#
##...### ####.#
##.....## # .
##.......#
#...####.........#
.....o.'@........+
#...####.........#
# ##.......##
##.....## ##...##
#+##


You could see an orc priest.

Vanquished Creatures
  2 adders (D:2)
  A worm (D:3)
  2 dart slugs
  2 leopard geckos
  3 giant cockroaches (D:2)
  5 goblins
  7 hobgoblins
  A quokka (D:3)
  7 bats
  4 frilled lizards
  9 kobolds
  5 rats
48 creatures vanquished.

Notes
Turn   | Place    | Note
-------+----------+-------------------------------------------
     0 | D:1      | HankScorpio the Deep Elf Air Elementalist began the quest for the Orb.
     0 | D:1      | Reached XP level 1. HP: 10/10 MP: 6/6
   476 | D:1      | Reached XP level 2. HP: 15/15 MP: 4/8
  1302 | D:2      | Reached XP level 3. HP: 19/19 MP: 5/10
  2323 | D:3      | Reached skill level 4 in Air Magic
  2412 | D:3      | Reached XP level 4. HP: 24/24 MP: 9/11
  2459 | D:3      | You fall through a shaft for 3 floors!
  2488 | D:6      | Killed from afar by an orc priest

Vault maps used:
D:1:      erik_arrival_cave_to_civilisation
D:2:      first_bread, serial_forest, infiniplex_forest_end_1,
          infiniplex_forest_lined_room_2, infiniplex_forest_corner_2,
          infiniplex_forest_end_2, infiniplex_forest_straight_1,
          infiniplex_forest_clump_double, infiniplex_forest_straight_2,
          infiniplex_forest_join, infiniplex_forest_lined_corner
D:3:      lemuel_round_altar
D:6:      serial_shops, nicolae_shop_overgrown_old_shop

Skill      XL: |  1  2  3 |
---------------+----------+-----
Conjurations   | 2 |  2.5
Air Magic      | 4 |  4.0
Dodging        | |  2.4
Stealth        | |  2.4
Spellcasting   | |  3.7

Action                   |  1- 3 |  4- 6 || total
-------------------------+-------+-------++-------
Melee: Unarmed           |    11 |       ||    11
 Cast: Shock             |    77 |    13 ||    90
 Stab: Sleeping          |     1 |       ||     1
  Eat: Chunk             |     4 |       ||     4
Armor: Robe              |     4 |       ||     4
Dodge: Dodged            |    16 |       ||    16
